 Dungeon Crawl Stone Soup version 0.25.1-8-g42b30a86e7 (webtiles) character file.

Game seed: 9106591930517125660

76 Destapler the Skirmisher (level 4, -3/41 HPs)
             Began as a Minotaur Fighter on Dec 21, 2020.
             Succumbed to Terence's poison
             ... on level 2 of the Dungeon.
             The game lasted 00:01:26 (815 turns).

Destapler the Skirmisher (Minotaur Fighter)          Turns: 815, Time: 00:01:26

Health: -3/41      AC:  9    Str: 22    XL:     4   Next: 12%
Magic:  3/3        EV:  9    Int:  5    God:
Gold:   37         SH:  4    Dex:  9    Spells: 3/3 levels left

rFire    . . .     SeeInvis .   a - +0 flail
rCold    . . .     Gourm    .   k - +0 buckler
rNeg     . . .     Faith    .   b - +0 scale mail
rPois    .         Spirit   .   (helmet restricted)
rElec    .         Reflect  .   (no cloak)
rCorr    .         Harm     .   (no gloves)
MR       .....                  e - +1 pair of boots
Stlth    ..........             (no amulet)
HPRegen  0.13/turn              (no ring)
MPRegen  0.08/turn              (no ring)

@: mighty, brilliant, lethally poisoned (-3 -> -51)
A: retaliatory headbutt, horns 2
a: no special abilities


You were on level 2 of the Dungeon.
You were not hungry.

You visited 1 branch of the dungeon, and saw 2 of its levels.

You collected 37 gold pieces.

Inventory:

Hand Weapons
 a - a +0 flail (weapon)
Missiles
 i - 6 boomerangs (quivered)
Armour
 b - a +0 scale mail (worn)
 c - a +0 kite shield
 e - a +1 pair of boots (worn)
 k - a +0 buckler (worn)
Scrolls
 j - a scroll of noise {unknown}
 l - 2 scrolls of fog {unknown}
 m - a scroll of identify {unknown}
 o - a scroll of enchant weapon {unknown}
 r - a scroll of magic mapping {unknown}
Potions
 h - 2 potions of haste {unknown}
 n - a potion of brilliance
 p - a potion of curing {unknown}
 q - a potion of invisibility {unknown}
Comestibles
 f - 3 rations
 g - 5 chunks of flesh


   Skills:
 + Level 4.3 Fighting
 + Level 3.3 Maces & Flails
 + Level 4.3 Armour
 + Level 4.3 Shields


You had 3 spell levels left.
You didn't know any spells.
Your spell library was empty.

Dungeon Overview and Level Annotations

Branches:
Dungeon (2/15)

Altars:

Annotations:
D:2 Terence


Innate Abilities, Weirdness & Mutations

You reflexively headbutt those who attack you in melee.
You have a pair of horns on your head.


Message History

You are more poisoned.
You closely miss the adder. You headbutt the adder.
You kill the adder!
You have reached level 4!
You feel stronger.
* * * LOW HITPOINT WARNING * * *
You feel very sick. The adder bites you but does no damage.
The kobold hits you but does no damage. Terence hits you but does no damage.
You are more poisoned.
You hit Terence.
Terence is moderately wounded.
* * * LOW HITPOINT WARNING * * *
You feel very sick. The adder bites you but does no damage.
Terence hits you but does no damage.
You are more poisoned.
The kobold barely misses you. You block the adder's attack.
It was a potion of brilliance.
You feel clever all of a sudden.
You die...

.. # ##. # #.
#.#<..###
.####.#####
.#.#...
..........# ....
..........#####.#
...............<#
.....%....#######
......K...#
.......@..#
....).@S..#
)........>#
............
<......######
....... .......
......#


You could see Terence, an adder and a kobold.

Vanquished Creatures
  Natasha (D:2)
  An adder (D:2)
  A gnoll (D:1)
  A dart slug (D:1)
  2 leopard geckos (D:1)
  A ball python (D:1)
  A giant cockroach (D:1)
  8 goblins
  3 hobgoblins (D:1)
  5 bats (D:1)
  2 kobolds (D:1)
  A rat (D:1)
27 creatures vanquished.

Notes
Turn   | Place    | Note
-------+----------+-------------------------------------------
     0 | D:1      | Destapler the Minotaur Fighter began the quest for the Orb.
     0 | D:1      | Reached XP level 1. HP: 19/19 MP: 0/0
   228 | D:1      | Reached XP level 2. HP: 27/27 MP: 1/1
   697 | D:1      | Reached XP level 3. HP: 33/33 MP: 2/2
   802 | D:2      | Noticed Terence
   803 | D:2      | Noticed Natasha
   812 | D:2      | Killed Natasha
   813 | D:2      | Reached XP level 4. HP: 9/41 MP: 3/3
   814 | D:2      | HP: 1/41 [poisoned by Terence]
   815 | D:2      | Succumbed to Terence's poison

Illustrated notes

Levels and vault maps discovered:
D:1:      roderic_dead_forest, layout_basic
D:2:      layout_rooms, nicolae_overflow_crystal_walls, nemelex_altar_shiori,
          uniq_jessica, uniq_natasha, uniq_terence

Skill      XL: |  1  2 |
---------------+-------+-----
Fighting       | 4 |  4.3
Armour         | 4 |  4.3
Shields        | 4 |  4.3
Maces & Flails | 3 |  3.3

Action                   |  1- 3 |  4- 6 || total
-------------------------+-------+-------++-------
Melee: Flail             |    48 |     1 ||    49
       Headbutt          |     6 |       ||     6
  Use: Potion            |     1 |     1 ||     2
Armor: Scale mail        |    43 |     5 ||    48
Dodge: Dodged            |    26 |     1 ||    27
Block: Kite shield       |    10 |       ||    10
       Buckler           |     8 |     1 ||     9
